 Dungeon Crawl Stone Soup version 0.30-a0-358-g0d69a1922f (webtiles) character file.

Game seed: 6593500554479384303

20 koil the Sneak (level 2, 0/20 HPs)
             Began as a Vampire Enchanter on Nov 9, 2022.
             Slain by Terence
             ... wielding a +0 flail
              (9 damage)
             ... on level 2 of the Dungeon.
             The game lasted 00:02:17 (847 turns).

koil the Sneak (Vampire Enchanter)                   Turns: 847, Time: 00:02:18

Health: 0/20       AC:  5    Str:  7    XL:     2   Next: 58%
Magic:  5/5        EV: 11    Int: 17    God:
Gold:   61         SH:  0    Dex: 14    Spells: 3/5 levels left

rFire   . . .      SeeInvis +    a - +1 dagger
rCold   + . .      Faith    .    (no shield)
rNeg    . . .      Spirit   .    g - +2 leather armour {rC+}
rPois   .          Reflect  .    (no helmet)
rElec   .          Harm     .    (no cloak)
rCorr   .          Rampage  .    (no gloves)
Will    .....                    (no boots)
Stlth   +++.......               (no amulet)
HPRegen 0.43/turn                (no ring)
MPRegen 0.09/turn                (no ring)

@: healing quickly
A: alive, fangs 3, see invisible, vampiric 1
a: Exsanguinate


You were on level 2 of the Dungeon.
You visited 1 branch of the dungeon, and saw 2 of its levels.

You collected 61 gold pieces.

Inventory:

Hand Weapons
 a - a +1 dagger (weapon)
Missiles
 k - 5 poisoned darts (quivered)
Armour
 b - a +0 robe
 d - a +0 robe
 g - a +2 leather armour of cold resistance (worn)
Magical Staves
 f - a staff of poison
Scrolls
 e - a scroll of identify {unknown}
 i - a scroll of fog {unknown}
Potions
 c - 2 potions of invisibility
 h - a potion of heal wounds {unknown}
 j - a potion of mutation {unknown}


   Skills:
 + Level 0.5 Fighting
 + Level 1.5 Short Blades
 + Level 0.4 Armour
 + Level 2.4 Dodging
 + Level 4.6 Stealth
 + Level 2.1 Spellcasting
 + Level 4.6 Hexes


You had 3 spell levels left.
You knew the following spells:

 Your Spells              Type           Power      Damage    Failure   Level
a - Ensorcelled Hibernat  Hex/Ice        18%        N/A       16%         2

Your spell library contained the following spells:

 Spells                   Type           Power      Damage    Failure   Level
 Confusing Touch          Hex            17%        N/A       13%         3
 Tukima's Dance           Hex            17%        N/A       13%         3
 Dazzling Flash           Conj/Hex       18%        N/A       32%         3
 Portal Projectile        Hex/Tloc       18%        N/A       32%         3
 Call Canine Familiar     Summ           1%         N/A       63%         3
 Leda's Liquefaction      Hex/Erth       4%         N/A       71%         4


Dungeon Overview and Level Annotations

Branches:
Dungeon (2/15)

Altars:

Annotations:
D:2 Terence


Innate Abilities, Weirdness & Mutations

Your natural rate of healing is accelerated.
You have razor-sharp teeth.
You have supernaturally acute eyesight. (SInv)
You are afflicted with vampirism.


Message History

You climb downwards.
The frilled lizard hisses angrily.
Found 14 gold pieces.
Found a stone staircase leading up.
There is a stone staircase leading up here.
You closely miss the frilled lizard. Your bite misses the frilled lizard.
You closely miss the frilled lizard. The frilled lizard misses you.
You hit the frilled lizard.
You kill the frilled lizard!
No target in view!
No target in view!
No target in view!
You now have 49 gold pieces (gained 14).
There is a stone staircase leading up here.
You now have 61 gold pieces (gained 12).
You open the door.
There is an open door here.
k - 5 poisoned darts Terence the Incautious comes into view.
He is wielding a +0 flail.
Found a stone staircase leading down.
A kobold comes into view. It is wielding a +0 short sword.
Terence shouts!
The kobold shouts!
You hear a shout!
Terence hits you with a +0 flail!
A goblin comes into view. It is wielding a +0 dagger.
You hear a shout!
You closely miss Terence. Terence barely misses you.
The kobold throws a stone.
The stone misses you.
You hit Terence but do no damage.
The kobold throws a stone.
The stone hits you.
A goblin comes into view. It is wielding a +0 dagger.
Terence barely misses you.
You hit Terence.
Terence is lightly wounded.
Terence hits you but does no damage.
You hit Terence. You bite Terence, but do no damage.
Terence is lightly wounded.
The kobold throws a stone.
The stone hits you but does no damage. Terence hits you with a +0 flail.
Terence attacks as you move away! Terence closely misses you.
Terence attacks as you move away! Terence hits you with a +0 flail!
You die...

################
..............
#.......?..#######
###.........^.......
...>................
#......g.@@...#######.#
.....gK...............#
#.#
.................######
#.#
....############...####
#.# #.. ###....# #.# #.
####.# #.# . #.###.#
######### #..##.#
......†<# ##....#


You could see Terence, 2 goblins and a kobold.

Vanquished Creatures
  A dart slug (D:1)
  A giant cockroach (D:1)
  2 goblins (D:1)
  4 jackals (D:1)
  A kobold (D:1)
  A quokka (D:1)
  2 ball pythons (D:1)
  A bat (D:1)
  A frilled lizard (D:2)
  3 rats (D:1)
17 creatures vanquished.

Notes
Turn   | Place    | Note
-------+----------+-------------------------------------------
     0 | D:1      | koil the Vampire Enchanter began the quest for the Orb.
     0 | D:1      | Reached XP level 1. HP: 13/13 MP: 3/3
   283 | D:1      | Reached XP level 2. HP: 20/20 MP: 5/5
   294 | D:1      | Learned a level 2 spell: Ensorcelled Hibernation
   833 | D:2      | Noticed Terence
   847 | D:2      | Slain by Terence

Illustrated notes

Levels and vault maps discovered:
D:1:      dpeg_arrival_water_fire, layout_basic
D:2:      layout_basic, ebering_ecumenical_altar_hall, uniq_terence

Action                   || total
-------------------------++-------
Melee: Dagger            ||    52
       Bite              ||     3
       Punch             ||     1
 Stab: Sleeping          ||     3
Armor: Leather armour    ||    16
Dodge: Dodged            ||    35

Table legend: (Time is in decaauts)
 A = Elapsed time spent in this place.
 B = Non-inter-level travel time spent in this place.
 C = Inter-level travel time spent in this place.
 D = Time resting spent in this place.
 E = Time spent auto-exploring this place.
 F = Levels seen in this place.
 G = Mean time per level.
                   A        B        C        D        E       F      G
               +--------+--------+--------+--------+--------+-----+--------+
         Total |    843 |    823 |     20 |      0 |    648 |   2 |  421.5 |
       Dungeon |    843 |    823 |     20 |      0 |    648 |   2 |  421.5 |
               +--------+--------+--------+--------+--------+-----+--------+

Top non-repeatable levels by time:
     D:1: 758 daAuts
     D:2: 85 daAuts
